 Dungeon Crawl Stone Soup version 0.29.1-13-g9f3cf754e1 (webtiles) character file.

Game seed: 9642133028687289337

15 LynnLen the Sneak (level 2, 0/13 HPs)
             Began as a Spriggan Enchanter on Jan 29, 2023.
             Slain by a giant cockroach (1 damage)
             ... on level 1 of the Dungeon.
             The game lasted 00:01:33 (530 turns).

LynnLen the Sneak (Spriggan Enchanter)               Turns: 530, Time: 00:01:34

Health: 0/13       AC:  2    Str:  4    XL:     2   Next: 34%
Magic:  6/7        EV: 17    Int: 16    God:
Gold:   45         SH:  0    Dex: 15    Spells: 5/7 levels left

rFire   . . .      SeeInvis +   a - +1 dagger
rCold   . . .      Faith    .   (no shield)
rNeg    . . .      Spirit   .   b - +0 robe
rPois   .          Reflect  .   (helmet restricted)
rElec   .          Harm     .   (no cloak)
rCorr   .          Rampage  .   (gloves unavailable)
Will    +....                   (boots unavailable)
Stlth   +++.......              (no amulet)
HPRegen 0.04/turn               g - ring of willpower
MPRegen 0.10/turn               (no ring)

@: very quick
A: very small, no large weapons, unfitting armour, see invisible, speed 3
a: no special abilities


You were on level 1 of the Dungeon.
You visited 1 branch of the dungeon, and saw 1 of its levels.

You collected 45 gold pieces.

Inventory:

Hand Weapons
 a - a +1 dagger (weapon)
Armour
 b - a +0 robe (worn)
Jewellery
 g - a ring of willpower (left hand)
Scrolls
 d - a scroll of teleportation {unknown}
 f - a scroll of torment {unknown}
Potions
 c - 2 potions of invisibility
 e - a potion of resistance {unknown}


   Skills:
 + Level 1.5 Short Blades
 - Level 2.6 Dodging
 + Level 4.7 Stealth
 + Level 3.0 Spellcasting
 * Level 4.0 Hexes


You had 5 spell levels left.
You knew the following spells:

 Your Spells              Type           Power      Damage    Failure   Level
a - Ensorcelled Hibernat  Hex/Ice        16%        N/A       12%         2

Your spell library contained the following spells:

 Spells                   Type           Power      Damage    Failure   Level
 Confusing Touch          Hex            15%        N/A       11%         3
 Tukima's Dance           Hex            15%        N/A       11%         3
 Dazzling Flash           Conj/Hex       16%        N/A       24%         3


Dungeon Overview and Level Annotations

Branches:
Dungeon (1/15)

Altars:


Innate Abilities, Weirdness & Mutations

You are very small and have problems with some larger weapons.
You are too small for most types of armour.
You have supernaturally acute eyesight. (SInv)
You cover ground extremely quickly. (Speed+++)


Message History

Found 12 gold pieces.
The ball python barely misses you. The ball python closely misses you.
You hit the ball python. You punch the ball python.
The ball python is severely wounded.
The ball python bites you. The ball python closely misses you.
You hit the ball python.
You kill the ball python!
An endoplasm comes into view.
You see here a ball python corpse.
The endoplasm jiggles.
A giant cockroach comes into view.
The endoplasm freezes you.
You are frozen.
You hit the endoplasm.
The endoplasm is moderately wounded.
The endoplasm misses you.
You hit the endoplasm.
The endoplasm is severely wounded.
The endoplasm misses you.
You barely miss the endoplasm.
The endoplasm is severely wounded.
The giant cockroach waves its antennae.
The endoplasm freezes you.
You are frozen.
* * * LOW HITPOINT WARNING * * *
You hit the endoplasm.
The endoplasm is almost dead.
The giant cockroach bites you.
* * * LOW HITPOINT WARNING * * *
The endoplasm hits you but does no damage.
You hit the endoplasm.
You kill the endoplasm!
The giant cockroach barely misses you.
Your Spellcasting skill increases to level 3!
A hobgoblin comes into view.
The hobgoblin shouts!
You hit the giant cockroach but do no damage.
A goblin comes into view. It is wielding a +0 dagger.
The giant cockroach bites you.
You die...

.. # #g .##.#.
.g... # #.#.
#.##...
.......#####
#...@...# ###
#...B$..# ..#
#.......# #.#
#.......####.#
#.......†..#.#
..........###..#
...#.......#....#
#.########.#.#.##
.. ##...##


You could see a giant cockroach, a hobgoblin and a goblin (wandering).

Vanquished Creatures
  3 ball pythons (D:1)
  3 endoplasms (D:1)
  2 bats (D:1)
  A frilled lizard (D:1)
  3 kobolds (D:1)
  3 rats (D:1)
15 creatures vanquished.

Vanquished Creatures (others)
  2 plants (D:1)
2 creatures vanquished.

Grand Total: 17 creatures vanquished

Notes
Turn   | Place    | Note
-------+----------+-------------------------------------------
     0 | D:1      | LynnLen the Spriggan Enchanter began the quest for the Orb.
     0 | D:1      | Reached XP level 1. HP: 9/9 MP: 5/5
   171 | D:1      | Reached XP level 2. HP: 10/13 MP: 6/6
   278 | D:1      | Learned a level 2 spell: Ensorcelled Hibernation
   299 | D:1      | Found a faded altar of an unknown god.
   530 | D:1      | Slain by a giant cockroach

Illustrated notes

Levels and vault maps discovered:
D:1:      eino_arrival_water_cross, layout_loops_cross,
          dreamdust_ecumenical_altar_statues, minivault_11, serial_bayou_pond_a,
          minivault_27, minmay_tripent

Skill      XL: |  1  2 |
---------------+-------+-----
Hexes          | 4 |  4.0
Spellcasting   | 3 |  3.0
Short Blades   | |  1.5
Dodging        | |  2.6
Stealth        | |  4.7

Action                   || total
-------------------------++-------
Melee: Dagger            ||    39
       Punch             ||     1
 Stab: Sleeping          ||     4
Armor: Robe              ||     3
Dodge: Dodged            ||    22
